 Dungeon Crawl Stone Soup version 0.25.1-2-g60ff931df9 (webtiles) character file.

Game seed: 16826275950037003947

1136 GameOver the Stinger (level 8, -5/62 HPs)
             Began as a Naga Wizard on Sept 13, 2020.
             Was a Follower of Kikubaaqudgha.
             Slain by Menkaure (14 damage)
             ... on level 5 of the Dungeon on Sept 21, 2020.
             The game lasted 00:30:26 (3202 turns).

GameOver the Stinger (Naga Wizard)                  Turns: 3202, Time: 00:30:26

Health: -5/62      AC:  4    Str:  9    XL:     8   Next: 36%
Magic:  4/12       EV: 10    Int: 21    God:    Kikubaaqudgha [*.....]
Gold:   72         SH:  0    Dex: 10    Spells: 4/13 levels left

rFire    . . .     SeeInvis +   w - +2 morningstar (freeze)
rCold    . . .     Gourm    .   (no shield)
rNeg     . . .     Faith    .   a - +0 robe
rPois    +         Spirit   .   b - +0 hat
rElec    .         Reflect  .   i - +0 cloak
rCorr    .         Harm     .   (no gloves)
MR       +....                  (no barding)
Stlth    ++........             (no amulet)
HPRegen  0.20/turn              (no ring)
MPRegen  0.13/turn              (no ring)

@: hasted, quick
A: large, see invisible, deformed body, poison resistance, slowness 2, slow
metabolism 1, spit poison 1, AC +2
a: Spit Poison, Receive Corpses, Renounce Religion


You were on level 5 of the Dungeon.
You worshipped Kikubaaqudgha.
Kikubaaqudgha was aware of your devotion.
You were not hungry.

You visited 2 branches of the dungeon, and saw 6 of its levels.
You also visited: Ossuary.

You collected 204 gold pieces.
You spent 132 gold pieces at shops.

Inventory:

Hand Weapons
 p - a +2 vampiric short sword
 s - a +0 trident
 w - a +2 morningstar of freezing (weapon)
Armour
 a - a +0 robe (worn)
 b - a +0 hat (worn)
 f - a cursed +0 ring mail
 i - a +0 cloak (worn)
Wands
 l - a wand of digging (4)
Scrolls
 j - a scroll of teleportation
 m - 4 scrolls of remove curse
 n - 2 scrolls of amnesia {unknown}
 r - 2 scrolls of immolation
 u - a scroll of blinking
 x - a scroll of fear
 y - 2 scrolls of magic mapping
Potions
 g - a potion of invisibility
 k - a potion of resistance
 q - 3 potions of might
 z - 2 potions of stabbing
 A - a potion of flight
Miscellaneous
 t - a tin of tremorstones (3/3)
Comestibles
 c - 7 chunks of flesh
 d - 17 rations


   Skills:
 + Level 3.8 Maces & Flails
 - Level 1.5 Dodging
 + Level 4.4 Stealth
 - Level 3.0 Spellcasting
 - Level 6.0 Conjurations
   Level 1.0 Summonings
 - Level 3.0 Translocations
 + Level 6.5 Poison Magic


You had 4 spell levels left.
You knew the following spells:

 Your Spells              Type           Power        Failure   Level  Hunger
a - Magic Dart            Conj           ####         1%          1    None
b - Blink                 Tloc           N/A          6%          2    ##.....
d - Mephitic Cloud        Conj/Pois/Air  ###.....     7%          3    ###....
f - Conjure Flame         Conj/Fire      ###.....     12%         3    ###....

Your spell library contained the following spells:

 Spells                   Type           Power        Failure   Level  Hunger
 Pain                     Necr           #...         13%         1    None
 Call Imp                 Summ           #.......     13%         2    ##.....
 Corpse Rot               Necr/Air       N/A          21%         2    ##.....
 Slow                     Hex            #.......     21%         2    ##.....
 Sublimation of Blood     Necr           #.........   21%         2    ##.....
 Vampiric Draining        Necr           #.........   36%         3    ###....


Dungeon Overview and Level Annotations

Branches:
Dungeon (5/15)             Temple (1/1) D:4         Ossuary (visited)

Altars:
Ashenzari
Cheibriados
Dithmenos
Hepliaklqana
Kikubaaqudgha
Nemelex Xobeh
Okawaru
Sif Muna
Uskayaw
Vehumet
Wu Jian

Shops:
D:4 %(*

Annotations:
D:5 Menkaure


Innate Abilities, Weirdness & Mutations

You cannot wear boots.
Your serpentine skin is tough. (AC +2)
You have supernaturally acute eyesight. (SInv)
Armour fits poorly on your strangely shaped body.
Your system is resistant to poisons. (rPois)
You cover ground very slowly.
You have a slow metabolism.
You can spit poison.


Message History

The gnoll hits you.
Menkaure shouts, "The sands of time shall wipe you from history!"
Menkaure mumbles some strange words.
Menkaure seems to speed up.
You hit Menkaure but do no damage. The gnoll hits you but does no damage.
Menkaure calls on the powers of darkness!
Your body is wracked with pain!
The gnoll convulses!
The gnoll misses you.
Unknown command.
You feel yourself speed up.
Menkaure calls on the powers of darkness!
Your body is wracked with pain!
* * * LOW HITPOINT WARNING * * *
The gnoll convulses!
The gnoll hits you.
* * * LOW HITPOINT WARNING * * *
Okay, then.
You hit Menkaure. You freeze Menkaure.
Menkaure is moderately damaged.
Menkaure hits you!
You die...
Kikubaaqudgha rasps: "You have failed me!
Welcome... death!"

...............
............... #.
#.# #..##.# #.#####
#####.##.# #.....#
........# #.....#
#......# #.....#
#......#
#..)g.#######.......
#..@M.#.............
#.....†...........>.
##....#.#####...##..
#....#.# ######..
#.####.# ### #.# #.#
#.. ..# ## #.# ...


You could see Menkaure (fast) and a gnoll.

Vanquished Creatures
  Grinder (D:3)
  An ogre (D:5)
  A centaur (D:5)
  An elf zombie (Ossuary)
  A scorpion (D:5)
  A howler monkey (D:4)
  2 orc priests
  3 hounds
  A centaur skeleton (D:4)
  6 orc wizards
  An iguana (D:5)
  A worker ant (D:4)
  A big kobold zombie (Ossuary)
  A hound zombie (Ossuary)
  4 mummies (Ossuary)
  4 adders
  2 gnolls (D:5)
  An ooze (D:1)
  An adder skeleton (D:4)
  An adder zombie (Ossuary)
  3 worms
  A dart slug (D:3)
  4 leopard geckos
  12 orcs
  A ball python (D:2)
  A giant cockroach (D:2)
  2 hobgoblins (D:1)
  8 jackals
  A quokka (D:3)
  4 bats (D:1)
  6 frilled lizards
  3 goblins
  A goblin zombie (Ossuary)
  2 hobgoblin zombies (Ossuary)
  2 jackal zombies (Ossuary)
  5 kobolds
  2 kobold zombies (Ossuary)
  9 rats
  A rat zombie (Ossuary)
103 creatures vanquished.

Notes
Turn   | Place    | Note
-------+----------+-------------------------------------------
     0 | D:1      | GameOver the Naga Wizard began the quest for the Orb.
     0 | D:1      | Reached XP level 1. HP: 15/15 MP: 4/4
   251 | D:1      | Reached XP level 2. HP: 22/22 MP: 4/6
   835 | D:2      | Reached XP level 3. HP: 24/28 MP: 4/7
   846 | D:2      | Learned a level 2 spell: Blink
   850 | D:2      | Learned a level 3 spell: Mephitic Cloud
  1110 | D:3      | Reached skill level 1 in Poison Magic
  1132 | D:3      | Reached XP level 4. HP: 36/36 MP: 4/8
  1203 | D:3      | Noticed Grinder
  1214 | D:2      | Reached XP level 5. HP: 8/42 MP: 1/9
  1431 | D:4      | Found Plog's General Store.
  1439 | D:4      | Bought a potion of ambrosia for 96 gold pieces
  1461 | D:4      | Learned a level 3 spell: Conjure Flame
  1465 | D:4      | Found Xah Fauw's Food Shoppe.
  1501 | D:4      | Reached XP level 6. HP: 29/49 MP: 3/10
  1523 | D:4      | Reached skill level 5 in Conjurations
  1582 | D:4      | Found a staircase to the Ecumenical Temple.
  1592 | Temple   | Entered the Ecumenical Temple
  1751 | Temple   | Became a worshipper of Kikubaaqudgha
  1810 | D:4      | Found a sand-covered staircase.
  1815 | Ossuary  | Entered an ossuary
  1867 | Ossuary  | Reached XP level 7. HP: 8/55 MP: 3/11
  1933 | Ossuary  | Reached skill level 5 in Poison Magic
  2089 | D:4      | Found Waungergh's Antique Weapon Shop.
  2150 | D:4      | Bought a potion of flight for 36 gold pieces
  2189 | D:3      | Paralysed by Grinder for 3 turns
  2196 | D:3      | Paralysed by Grinder for 2 turns
  2205 | D:3      | HP: 2/55 [Grinder (2)]
  2209 | D:3      | Killed Grinder
  2359 | D:3      | Reached * piety under Kikubaaqudgha
  2359 | D:3      | Identified Kikubaaqudgha's Handbook of Evil Rituals
                  | (Kikubaaqudgha gifted it to you on level 3 of the Dungeon)
  2359 | D:3      | Received a gift from Kikubaaqudgha
  2446 | D:3      | Found a hide-covered altar of Uskayaw.
  3073 | D:5      | Entered Level 5 of the Dungeon
  3075 | D:5      | Reached XP level 8. HP: 59/62 MP: 12/12
  3187 | D:5      | Noticed Menkaure
  3202 | D:5      | Slain by Menkaure

Illustrated notes

Levels and vault maps discovered:
D:1:      lemuel_arrival_river_ford, layout_loops_ring
D:2:      layout_basic
D:3:      layout_rooms, lemuel_statue_altar, uniq_grinder
D:4:      layout_loops_ring, minmay_temple_entry_wispy, first_ration,
          serial_shops, shop, shop, nicolae_shop_crystal, enter_ossuary_2
D:5:      layout_basic, eat_drink_and_be_merry_uskayaw, uniq_menkaure
Temple:   nicolae_temple_the_god_donut

Skill      XL: |  1  2  3  4  5  6  7  8 |
---------------+-------------------------+-----
Conjurations   | 2 3 4 5 6 |  6.0
Poison Magic   | 2 3 4 6 |  6.5
Maces & Flails | 3 |  3.8
Translocations | 2 3 |  3.0
Stealth        | 4 |  4.4
Dodging        | |  1.5
Spellcasting   | |  3.0
Summonings     | |  1.0

Action                   |  1- 3 |  4- 6 |  7- 9 || total
-------------------------+-------+-------+-------++-------
Melee: Club              |    13 |       |       ||    13
       Spear             |     1 |       |       ||     1
       Short sword       |       |    52 |       ||    52
       Morningstar       |       |       |    31 ||    31
 Cast: Magic Dart        |    36 |    43 |    75 ||   154
       Blink             |       |     3 |     3 ||     6
       Conjure Flame     |       |     3 |       ||     3
       Mephitic Cloud    |       |       |     5 ||     5
 Abil: Spit Poison       |    33 |    21 |    30 ||    84
  Use: Scroll            |       |     3 |     7 ||    10
       Potion            |       |     4 |     5 ||     9
 Stab: Sleeping          |       |     1 |     1 ||     2
       Invisible         |       |     1 |       ||     1
  Eat: Chunk             |     2 |     3 |     3 ||     8
       Ration            |       |       |     1 ||     1
Armor: Robe              |     7 |    16 |     4 ||    27
       Skin              |       |   168 |       ||   168
Dodge: Dodged            |    24 |    41 |    23 ||    88
